 Dungeon Crawl Stone Soup version 0.31.0-1-g2c135a0 (webtiles) character file.

Game seed: 2646978092203988949

22 bonegar the Magician (level 2, 0/15 HPs)
             Began as a Deep Elf Hedge Wizard on Apr 6, 2024.
             Succumbed to an adder's poison
             ... on level 1 of the Dungeon.
             The game lasted 00:08:13 (1528 turns).

bonegar the Magician (Deep Elf Hedge Wizard)        Turns: 1528, Time: 00:08:14

Health: 0/15       AC:  3    Str:  7    XL:     2   Next: 68%
Magic:  1/9        EV: 12    Int: 18    God:
Gold:   34         SH:  0    Dex: 14    Spells: 9/10 levels left

rFire   . . .        a - +0 dagger
rCold   . . .        (no shield)
rNeg    . . .        g - +0 robe
rPois   .            c - +1 hat
rElec   .            (no cloak)
rCorr   .            (no gloves)
SInv    .            (no boots)
Will    .....        (no amulet)
Stlth   ++           (no ring)
HPRegen 0.22/turn    (no ring)
MPRegen 0.11/turn

%: no passive effects
@: lethally poisoned (0 -> -3), weak-willed, enlightened, flying
A: no striking features
a: no special abilities


You were on level 1 of the Dungeon.
You visited 1 branch of the dungeon, and saw 2 of its levels.

You collected 34 gold pieces.

Inventory:

Hand Weapons
 a - a +0 dagger (weapon)
Missiles
 i - 2 poisoned darts
Armour
 b - a +0 robe
 c - a +1 hat (worn)
 g - a +0 robe (worn)
Scrolls
 f - 2 scrolls of enchant armour
Potions
 d - a potion of magic


   Skills:
 + Level 0.5 Short Blades
 + Level 2.8 Dodging
 + Level 2.8 Stealth
 + Level 4.5 Spellcasting
 + Level 1.4 Conjurations
 + Level 1.4 Summonings
 + Level 1.3 Translocations


You had 9 spell levels left.
You knew the following spells:

 Your Spells              Type           Power      Damage    Failure   Level
a - Magic Dart            Conj           36%        1d4       8%          1

Your spell library contained the following spells:

 Spells                   Type           Power      Damage    Failure   Level
 Blink                    Tloc           16%        N/A       12%         2
 Call Imp                 Summ           18%        N/A       12%         2
 Slow                     Hex            16%        N/A       14%         1
 Cigotuvi's Dreadful Rot  Necr/Alch/Air  8%         N/A       22%         2
 Mephitic Cloud           Conj/Alch/Air  5%         N/A       34%         3
 Martyr's Knell           Necr/Summ      6%         N/A       71%         4
 Dispel Undead            Necr           4%         3d7       80%         4
 Death Channel            Necr           2%         N/A       100%        6


Dungeon Overview and Level Annotations

Branches:
Dungeon (2/15)

Altars:

Shops:
D:1 !


Message History

You feel sick. The adder barely misses you.
You miss the adder.
The adder is lightly wounded.
You feel sick. The adder bites you.
You barely miss the adder.
The adder is lightly wounded.
You feel sick. The adder closely misses you. The adder barely misses you.
You feel sick.
You feel sick.
You are no longer poisoned.
There is a stone staircase leading up here.
The adder bites you but does no damage.
You climb upwards.
There is a stone staircase leading down here.
Casting: Magic Dart (safe; 8% risk of failure)
Confirm with . or Enter, or press ? or * to list all spells.
Aiming: Magic Dart (safe; 8% risk of failure)
Press: ? - help, Shift-Dir - straight line, f - adder
Aim: an adder (lightly wounded, 100% to hit)
The magic dart hits the adder.
The adder is moderately wounded.
The adder bites you.
You are lethally poisoned!
The adder poisons you! The adder bites you.
* * * LOW HITPOINT WARNING * * *
Your magical contamination has completely faded away.
It was a potion of enlightenment.
You feel very buoyant.
You fly up into the air.
* * * LOW HITPOINT WARNING * * *
You feel sick. The adder closely misses you.
As you read the scroll labelled OSKEIZ HICI, it crumbles to dust.
A wave of despondency washes over your surroundings.
It was a scroll of vulnerability.
* * * LOW HITPOINT WARNING * * *
You feel sick. The adder bites you but does no damage.
As you read the scroll labelled TEOMNUA UDDAY, it crumbles to dust.
It is a scroll of enchant armour.
Your +0 hat glows green for a moment.
You die...

######### ########.......#
#......#.......# ########
##.####.#.......####.......
#.....#.#................##
#..##.#..........###.###.##
#..##.#...@S.....# #.###.##
#..#.............# #.......
#........###..##.# #####.##
#.............##.# #...
#........####.##.# ####
#.##...#.####'##.# #
#..##..#.........# #
#..###.####.....## ### #
#...##.###.......## ##.###


You could see an adder (weak-willed).

Vanquished Creatures
  A dart slug (D:1)
  5 endoplasms (D:1)
  A giant cockroach (D:1)
  A goblin (D:1)
  2 hobgoblins (D:1)
  A bat (D:1)
  A frilled lizard (D:1)
  3 kobolds
  3 rats (D:1)
18 creatures vanquished.

Notes
Turn   | Place    | Note
-------+----------+-------------------------------------------
     0 | D:1      | bonegar the Deep Elf Hedge Wizard began the quest for the
                  | Orb.
     0 | D:1      | Reached XP level 1. HP: 10/10 MP: 7/7
   502 | D:1      | Reached XP level 2. HP: 15/15 MP: 6/9
  1011 | D:1      | Found Xioxzolo's Distillery.
  1528 | D:1      | Succumbed to an adder's poison

Illustrated notes

Levels and vault maps discovered:
D:1:      onia_arrival_mini_maze, layout_loops_corners, serial_shops, shop
D:2:      layout_rooms, hangedman_decor_peaks_small, uniq_jessica

Action                     || total
---------------------------++-------
  Melee: Dagger            ||    72
   Cast: Magic Dart        ||    20
    Use: Scroll            ||     2
         Potion            ||     1
 Armour: Robe              ||    41
  Dodge: Dodged            ||    35
